Map: Kairos Junction LE

Players

Gerald

  • Race: Protoss Protoss
  • Spawn Location: 11:00

SKillous - Winner!

  • Race: Protoss Protoss
  • Spawn Location: 5:00

Event: 2019 WCS Summer

VOD

Have the link to the VOD?

Description

Time

  • Played on: July 12, 2019, 10:40 a.m.
  • Length: 12:50

All games in this series

Show
View Real Time Build Order
Export as new Build Order

Gerald Protoss 

Build Orders:  

Get SALT Encoding   

  12  0:00  Probe  
  13  0:12  Probe  
  14  0:17  Pylon  
  14  0:23  Probe  
  15  0:31  Probe  
  16  0:38  Gateway  
  16  0:39  Probe  
  16  0:45  Assimilator  
  17  0:51  Probe  
  17  0:54  Assimilator  
  18  1:03  Probe  
  19  1:07  Gateway  
  19  1:15  Probe  
  20  1:25  Cybernetics Core  
  20  1:27  Probe  
  20  1:30  Pylon  
  21  1:39  Probe  
  22  1:51  Probe  
  22  1:53  Adept  
  22  1:54  Adept  
  23  2:00  Pylon  
  23  2:02  Warp Gate  
  23  2:03  Probe  
  28  2:16  Probe  
  29  2:23  Robotics Facility  
  29  2:25  Adept  
  29  2:27  Adept  
  32  3:07  Immortal  
  32  3:09  Stalker x2, Shield Battery  
  38  3:28  Gateway  
  37  3:39  Stalker  
  39  3:45  Pylon  
  38  3:52  Warp Prism  
  36  4:10  Nexus  
  36  4:14  Sentry  
  38  4:17  Sentry  
  40  4:26  Sentry  
  42  4:37  Pylon  
  42  4:47  Stalker  
  42  4:48  Stalker  
  46  4:55  Probe  
  47  5:09  Adept  
  47  5:10  Adept x2  
  53  5:22  Probe  
  53  5:27  Immortal  
  53  5:28  Probe  
  59  5:48  Sentry x2  
  59  5:49  Sentry, Probe x2  
  65  5:50  Pylon  
  65  6:00  Probe  
  65  6:03  Probe  
  66  6:08  Probe  
  67  6:11  Probe  
  67  6:17  Forge  
  69  6:18  Robotics Bay  
  69  6:20  Probe  
  69  6:22  Probe  
  71  6:30  Probe  
  65  6:33  Probe  
  65  6:37  Assimilator  
  65  6:38  Probe, Shield Battery x2  
  67  6:40  Assimilator  
  67  6:42  Observer  
  67  6:45  Probe  
  70  6:49  Probe  
  70  6:50  Gateway  
  71  6:57  Probe  
  71  6:58  Pylon  
  71  7:01  Probe  
  73  7:09  Probe  
  73  7:13  Protoss Ground Weapons Level 1  
  72  7:18  Stalker x3  
  72  7:19  Probe  
  79  7:26  Disruptor  
  79  7:36  Probe  
  83  7:39  Pylon  
  83  7:45  Gateway x2  
  83  7:48  Gateway  
  83  7:50  Stalker  
  85  7:54  Disruptor  
  85  7:55  Twilight Council  
  85  7:56  Pylon  
  88  8:13  Zealot x3  
  92  8:28  Resonating Glaives  
  92  8:30  Disruptor  
  92  8:31  Gateway  
  92  8:34  Gateway  
  95  8:46  Adept x3  
  101  8:53  Observer, Pylon  
  101  8:58  Pylon  
  101  9:00  Pylon  
  101  9:21  Pylon, Nexus  
  101  9:24  Adept x3  
  103  9:46  Adept x4  
  103  9:50  Adept x3  
  117  9:56  Adept  
  119  10:04  Charge  
  117  10:18  Adept x6  
  82  10:36  Warp Prism  
  82  10:37  Probe x2  
  72  10:46  Adept x4  
  66  10:54  Templar Archives  
  66  10:58  Adept  
  66  11:01  Adept  
  70  11:07  Probe  
  70  11:08  Probe  
  72  11:11  Probe  
  73  11:19  Stalker  
  73  11:20  Stalker x2  
  79  11:36  High Templar  
  79  11:37  High Templar x5  
  89  11:42  Archon x3  
  86  11:53  Disruptor, Adept x2  
  86  11:54  Adept  
  85  12:02  Probe  
  70  12:11  Adept x5  
  70  12:15  Stalker  
  73  12:18  Probe  
  55  12:26  Stalker x2  
Show
View Real Time Build Order
Export as new Build Order

SKillous Protoss - Winner!

Build Orders: Chargelot Immortal 

Get SALT Encoding   

  12  0:01  Probe  
  13  0:13  Probe  
  14  0:17  Pylon  
  14  0:25  Probe  
  15  0:33  Probe  
  15  0:38  Gateway  
  15  0:41  Probe  
  16  0:47  Assimilator  
  17  0:52  Probe  
  17  0:55  Assimilator  
  18  1:00  Probe  
  19  1:08  Probe  
  19  1:10  Gateway  
  20  1:18  Probe  
  21  1:27  Cybernetics Core  
  21  1:30  Probe  
  22  1:35  Pylon  
  22  1:42  Probe  
  23  1:54  Probe  
  24  2:03  Stalker, Sentry, Warp Gate  
  24  2:08  Pylon  
  28  2:30  Stalker  
  28  2:33  Stalker  
  32  2:43  Pylon  
  32  2:55  Probe  
  33  2:59  Shield Battery  
  31  3:07  Probe  
  34  3:14  Nexus  
  34  3:16  Pylon  
  34  3:17  Sentry x2  
  37  3:23  Robotics Facility  
  37  3:26  Probe  
  37  3:39  Probe  
  38  3:47  Probe  
  38  3:51  Stalker  
  38  3:52  Stalker  
  43  3:55  Probe  
  43  4:00  Immortal  
  43  4:01  Shield Battery  
  44  4:16  Pylon  
  47  4:24  Probe, Shield Battery x2  
  47  4:27  Probe  
  49  4:33  Probe, Sentry  
  52  4:44  Probe  
  54  4:49  Immortal  
  57  4:53  Probe  
  57  4:58  Stalker  
  60  5:00  Probe  
  60  5:05  Probe  
  62  5:07  Pylon  
  62  5:10  Sentry  
  64  5:17  Warp Prism  
  64  5:19  Shield Battery  
  64  5:25  Sentry  
  64  5:26  Probe x2  
  70  5:34  Adept  
  72  5:38  Probe  
  73  5:45  Probe, Immortal  
  73  5:49  Shield Battery  
  68  5:52  Adept  
  68  5:53  Probe  
  73  6:04  Stalker  
  73  6:07  Pylon  
  73  6:08  Assimilator, Probe  
  73  6:10  Probe  
  73  6:11  Assimilator  
  77  6:18  Forge, Immortal, Pylon  
  77  6:20  Probe  
  77  6:22  Shield Battery  
  77  6:25  Probe  
  83  6:40  Probe x2, Pylon  
  83  6:44  Twilight Council  
  85  6:55  Zealot x2  
  85  6:56  Protoss Ground Weapons Level 1  
  90  7:02  Gateway  
  90  7:05  Gateway  
  89  7:12  Immortal  
  91  7:22  Pylon  
  91  7:23  Charge  
  89  7:32  Stargate  
  89  7:39  Probe  
  89  7:43  Nexus  
  90  7:51  Probe  
  91  7:52  Immortal  
  95  7:59  Pylon  
  95  8:02  Probe  
  96  8:09  Probe  
  96  8:10  Stargate  
  96  8:11  Pylon  
  97  8:22  Immortal, Phoenix  
  99  8:31  Gateway  
  99  8:32  Gateway  
  103  8:42  Templar Archives  
  103  8:44  Phoenix  
  103  8:45  Pylon  
  103  8:48  Probe, Phoenix  
  102  8:55  Zealot x2  
  108  9:03  Phoenix  
  106  9:11  Pylon  
  106  9:13  Observer  
  107  9:17  Protoss Ground Weapons Level 2  
  105  9:25  Phoenix  
  105  9:28  Zealot x5  
  115  9:33  Warp Prism  
  117  9:48  Stargate  
  117  9:53  Pylon  
  117  9:54  Zealot x6  
  117  9:55  Phoenix  
  126  10:17  Zealot x5  
  114  10:22  Immortal  
  114  10:23  Zealot  
  81  10:37  Zealot x2  
  81  10:38  Zealot x2, Probe  
  81  10:40  Probe x2  
  76  10:56  High Templar x2  
  82  11:01  Archon, Gateway  
  82  11:02  Gateway  
  80  11:06  High Templar x4  
  80  11:09  Probe  
  80  11:10  Probe  
  90  11:11  Archon  
  90  11:12  Archon  
  90  11:26  Probe  
  90  11:29  High Templar x2  
  95  11:33  Archon  
  95  11:34  Probe x2  
  95  11:38  Probe  
  98  11:40  Zealot  
  98  11:41  Zealot x3  
  98  11:46  Probe  
  94  11:47  Shield Battery  
  94  11:54  Observer  
  88  12:01  Zealot x5  
  84  12:14  Observer  
  80  12:18  Pylon  
  80  12:21  Zealot  
  57  12:37  High Templar  
  57  12:38  Probe, High Templar  
  57  12:42  Archon  
Tags
 
Add a new tag
Caveats
  • Supply blocks, unpowered buildings, or Contaminate may cause inaccurate times.
  • Supply counts are checked every 10 seconds.